 Dungeon Crawl Stone Soup version 0.17-a0-435-gc4df345 (webtiles) character file.

143 ezio133798 the Grave Robber (level 4, -4/34 HPs)
             Began as a Demigod Necromancer on Apr 4, 2015.
             Slain by a water moccasin skeleton (7 damage)
             ... on level 4 of the Dungeon.
             The game lasted 00:18:27 (3299 turns).

ezio133798 the Grave Robber (Demigod Necromancer)   Turns: 3299, Time: 00:18:28

Health: -4/34      AC:  2    Str: 11    XL:     4   Next: 76%
Magic:  8/11       EV: 13    Int: 26    God:
Gold:   183        SH:  0    Dex: 16    Spells: 3 memorised, 2 levels left

rFire  . . .     SeeInvis .     I - +0 hand axe
rCold  . . .     Clarity  .     a - +0 robe
rNeg   . . .     SustAb   +     (no shield)
rPois  .         Gourm    .     (no helmet)
rElec  .         Spirit   .     (no cloak)
rCorr  .         Warding  .     (no gloves)
rMut   .         Stasis   .     (no boots)
MR     .....                    (no amulet)
Stlth  ++........               (no ring)
                                (no ring)

@: brilliant, not resistant to hostile enchantments, unstealthy
A: high mp 1, sustain abilities
a: no special abilities


You were on level 4 of the Dungeon.
You were hungry.

You visited 1 branch of the dungeon, and saw 4 of its levels.

You collected 183 gold pieces.

Inventory:

Hand weapons
 i - a +0 dagger
 m - a +0 dagger
 p - a +0 hunting sling
 q - a +0 short sword
 r - a +0 dagger
 t - a +0 club
 v - a +0 hunting sling
 B - a +0 spear
 D - a cursed -2 dagger
 I - a +0 hand axe (weapon)
Missiles
 d - 13 arrows
 E - 3 needles of frenzy
Armour
 a - a +0 robe (worn)
 e - a +0 ring mail
 f - a +0 robe
 u - a +0 chain mail
 G - a +0 buckler
Scrolls
 j - a scroll of noise {unknown}
 l - 3 scrolls of teleportation {unknown}
 o - 3 scrolls of identify {unknown}
 x - a scroll of enchant weapon {unknown}
 y - a scroll of fog {unknown}
 C - a scroll of remove curse {unknown}
 F - a scroll of blinking {unknown}
Potions
 k - 2 potions of cure mutation {unknown}
 s - a potion of curing {unknown}
 w - a potion of ambrosia {unknown}
 z - a potion of might {unknown}
 A - a potion of beneficial mutation {unknown}
 H - a potion of magic {unknown}
Books
 b - a book of Necromancy

   Spells                             Type                      Level
   a - Pain                           Necromancy                   1
   b - Animate Skeleton               Necromancy                   1
   c - Vampiric Draining              Necromancy                   3
   d - Regeneration                   Charms/Necromancy            3
   e - Animate Dead                   Necromancy                   4
   f - Control Undead                 Necromancy                   4
Comestibles
 c - 2 bread rations
 g - a slice of pizza
 n - 5 fruits


   Skills:
 + Level 0.5 Fighting
 + Level 0.1 Short Blades
 + Level 2.1 Dodging
 + Level 1.8 Stealth
 + Level 2.8 Spellcasting
 + Level 4.9 Necromancy


You had 2 spell levels left.
You knew the following spells:

 Your Spells              Type           Power        Failure   Level  Hunger
a - Pain                  Necr           ####         1%          1    None
b - Animate Skeleton      Necr           N/A          1%          1    None
c - Control Undead        Necr           #####.....   1%          4    ####...


Dungeon Overview and Level Annotations

Branches:
Dungeon (4/15)
 Temple: D:4-7

Annotations:
D:4 Duvessa


Innate Abilities, Weirdness & Mutations

You have an increased reservoir of magic (+10% MP).
Your attributes are resistant to harm.


Message History

You see here a bread ration.
c - 2 bread rations (gained 1)
The water moccasin skeleton completely misses you.
You see here 10 gold pieces.
The water moccasin skeleton misses you.
You barely miss the water moccasin skeleton.
The water moccasin skeleton bites you.
* * * LOW HITPOINT WARNING * * *
Drink which item? (? for menu, Esc to quit)
It was a potion of brilliance.
You feel clever all of a sudden.
The water moccasin skeleton barely misses you.
The water moccasin skeleton bites you but does no damage.
You hit the water moccasin skeleton. The water moccasin skeleton misses you.
You hit the water moccasin skeleton.
The water moccasin skeleton completely misses you.
The water moccasin skeleton bites you.
* * * LOW HITPOINT WARNING * * *
The water moccasin skeleton bites you!
You die...

###
####.#
#..Z.#
#.##@#
#.##.#
#.##.#
#.##.#
#.##.#
#.##.#
#$##.#
#.##.#
#.##.#


You could see a water moccasin skeleton.

Vanquished Creatures
  5 adders
  2 giant mites (D:1)
  2 worms
  An adder skeleton (D:2)
  A giant gecko (D:3)
  4 orcs (D:3)
  4 giant cockroaches
  7 goblins
  9 hobgoblins
  5 jackals
  7 kobolds
  6 bats
  A giant cockroach zombie (D:2)
  A giant newt (D:2)
  A quokka skeleton (D:2)
  A quokka zombie (D:2)
  6 rats
63 creatures vanquished.

Vanquished Creatures (collateral kills)
  A hobgoblin (D:4)
1 creature vanquished.

Vanquished Creatures (others)
  A kobold skeleton (D:1)
1 creature vanquished.

Grand Total: 65 creatures vanquished

Notes
Turn   | Place    | Note
--------------------------------------------------------------
     0 | D:1      | ezio133798, the Demigod Necromancer, began the quest for the Orb.
     0 | D:1      | Reached XP level 1. HP: 14/14 MP: 5/5
   309 | D:1      | Reached XP level 2. HP: 17/20 MP: 2/7
   383 | D:1      | Reached skill level 4 in Necromancy
   753 | D:1      | Learned a level 1 spell: Animate Skeleton
   863 | D:1      | Reached XP level 3. HP: 20/26 MP: 2/9
  2035 | D:2      | Reached XP level 4. HP: 31/34 MP: 6/10
  2041 | D:2      | Learned a level 4 spell: Control Undead
  2420 | D:2      | Found a burning altar of Makhleb.
  3214 | D:3      | You fall through a shaft!
  3227 | D:4      | Noticed Duvessa
  3299 | D:4      | Slain by a water moccasin skeleton

Action                   |  1- 3 |  4- 6 || total
-------------------------+-------+-------++-------
Melee: Dagger            |    29 |    22 ||    51
       Hand axe          |       |    18 ||    18
 Cast: Pain              |    65 |    53 ||   118
       Animate Skeleton  |     2 |       ||     2
       Control Undead    |       |     2 ||     2
  Use: Potion            |       |     1 ||     1
  Eat: Fruit             |     1 |     1 ||     2
       Meat ration       |     1 |       ||     1
       Chunk             |     1 |       ||     1
